Map: Triton LE

Players

HeRoMaRinE - Winner!

  • Race: Terran Terran
  • Spawn Location: 11:00

ShoWTimE

  • Race: Protoss Protoss
  • Spawn Location: 5:00

VOD

Have the link to the VOD?

Description

Time

  • Played on: Sept. 7, 2019, 6:35 p.m.
  • Length: 13:01
Show
View Real Time Build Order
Export as new Build Order

HeRoMaRinE Terran - Winner!

Build Orders:  

Get SALT Encoding   

  12  0:00  SCV  
  13  0:12  SCV  
  14  0:17  Supply Depot  
  14  0:24  SCV  
  15  0:38  SCV  
  15  0:40  Barracks  
  16  0:43  Refinery  
  16  0:50  SCV  
  17  1:02  SCV  
  18  1:15  SCV  
  19  1:27  Orbital Command, Marine  
  20  1:45  Command Center  
  20  1:51  Factory  
  20  1:53  SCV  
  21  2:03  Barracks Reactor  
  21  2:05  SCV  
  21  2:08  Supply Depot  
  22  2:18  SCV  
  22  2:20  Barracks  
  23  2:30  SCV  
  24  2:42  SCV, Hellion  
  24  2:43  Hellion  
  29  2:47  Barracks Tech Lab  
  29  2:54  SCV  
  29  2:57  Orbital Command  
  30  3:04  Hellion x2  
  34  3:06  Stimpack, SCV  
  34  3:07  Marine  
  34  3:09  Marine  
  37  3:18  Supply Depot, SCV  
  38  3:23  SCV  
  38  3:27  Marine  
  39  3:30  SCV  
  39  3:31  Barracks  
  39  3:34  Marine x2  
  41  3:36  SCV  
  44  3:42  SCV  
  44  3:44  Marine, Engineering Bay  
  44  3:46  Refinery  
  44  3:48  SCV  
  47  3:52  Marine x2  
  47  3:54  SCV  
  48  4:00  SCV  
  48  4:01  Factory Tech Lab  
  48  4:02  Marine  
  43  4:04  Supply Depot  
  43  4:06  SCV  
  43  4:09  Marine  
  45  4:10  Marine, Terran Infantry Weapons Level 1  
  45  4:11  Missile Turret  
  45  4:12  SCV  
  48  4:18  SCV  
  48  4:20  Marine  
  48  4:21  Missile Turret  
  50  4:24  SCV  
  50  4:26  Starport  
  50  4:30  Factory Reactor, Marine  
  52  4:32  Refinery, SCV  
  52  4:34  Marine  
  52  4:36  Marine  
  52  4:38  SCV, Marine  
  55  4:41  Combat Shield  
  57  4:46  Supply Depot  
  57  4:47  SCV  
  57  4:48  Marine  
  57  4:52  Marine, SCV  
  60  4:55  Supply Depot  
  61  5:02  Supply Depot  
  62  5:08  Marauder x2  
  62  5:10  Refinery  
  62  5:12  Medivac  
  62  5:13  Marine x2  
  67  5:15  SCV x2  
  67  5:19  Medivac  
  69  5:27  SCV x2  
  71  5:29  Concussive Shells, Marine  
  71  5:30  Marauder, Marine  
  71  5:31  Marine  
  71  5:32  Factory Reactor  
  76  5:39  SCV  
  78  5:48  Marine x2  
  78  5:49  Marauder  
  81  5:51  Marauder  
  81  5:53  Command Center  
  83  5:59  Supply Depot  
  83  6:00  Supply Depot  
  83  6:03  Medivac  
  85  6:06  Terran Infantry Armor Level 1, Marine  
  85  6:09  Medivac, Marine  
  89  6:14  Marauder x2  
  93  6:22  SCV x2  
  93  6:24  Marine  
  91  6:27  Marine  
  88  6:35  Marauder, Marine  
  88  6:37  Barracks x2  
  92  6:40  Widow Mine x2  
  92  6:41  Medivac  
  92  6:42  Marine  
  92  6:43  Medivac  
  92  6:45  SCV  
  92  6:46  SCV  
  99  6:48  Marine  
  99  6:53  Marauder  
  102  6:57  SCV  
  102  6:58  SCV  
  102  7:00  Armory  
  104  7:03  Widow Mine x2  
  104  7:08  Orbital Command  
  108  7:10  SCV  
  108  7:11  SCV  
  110  7:18  Marine  
  110  7:21  Engineering Bay  
  112  7:24  SCV x2  
  112  7:28  Barracks Tech Lab, Barracks Reactor  
  112  7:31  Refinery x2  
  112  7:32  Marine x2  
  112  7:36  SCV x2  
  116  7:37  Widow Mine x2  
  116  7:41  SCV  
  116  7:42  Supply Depot x2  
  121  7:48  SCV x2  
  121  7:49  Supply Depot, Terran Infantry Weapons Level 2  
  123  7:53  SCV  
  122  8:00  SCV  
  122  8:01  Terran Infantry Armor Level 2  
  122  8:02  SCV  
  122  8:05  Supply Depot, Medivac x2, SCV  
  128  8:06  Marauder, Ghost Academy  
  128  8:09  Marauder  
  128  8:11  Marauder  
  136  8:12  SCV  
  136  8:14  SCV  
  136  8:18  SCV  
  138  8:23  Marine x2  
  138  8:24  SCV  
  142  8:36  Ghost, Marine x2  
  142  8:37  Ghost x2  
  148  8:43  Terran Ship Weapons Level 1, Enhanced Shockwaves  
  148  8:45  Command Center  
  148  8:46  Marine x2  
  148  8:50  SCV x2  
  148  8:51  SCV  
  148  8:54  Marine  
  150  9:05  Barracks x3  
  150  9:10  Viking  
  150  9:14  Viking, Missile Turret  
  152  9:18  Ghost  
  152  9:19  Ghost  
  156  9:29  Supply Depot  
  156  9:30  Supply Depot  
  156  9:31  Ghost  
  156  9:35  Supply Depot, Marine x2  
  156  9:36  Marine x2  
  162  9:39  Supply Depot  
  160  9:48  Starport  
  160  9:52  Ghost  
  159  9:53  Marine  
  159  9:56  Factory Reactor  
  159  9:59  Barracks Tech Lab x2, Marine x3  
  161  10:02  Marauder, SCV x2  
  161  10:04  SCV  
  155  10:08  Ghost  
  155  10:14  Planetary Fortress, SCV  
  156  10:15  SCV  
  156  10:16  Marine  
  156  10:18  Marine x2  
  156  10:21  Ghost  
  161  10:23  Marauder  
  161  10:26  SCV x2  
  161  10:27  SCV  
  168  10:33  Marauder  
  170  10:38  SCV x2  
  170  10:43  Marauder x2  
  170  10:44  Viking x2  
  170  10:46  Marauder  
  172  10:51  Marauder  
  172  10:53  Marine x2  
  172  10:54  Marauder  
  175  10:59  Marine x2  
  175  11:03  Marine x2  
  179  11:05  Marauder x2  
  181  11:12  Marauder x2, Marine x2  
  181  11:14  Medivac x2  
  181  11:16  Refinery x2, SCV x3  
  181  11:18  SCV  
  193  11:19  Marauder, Marine  
  193  11:20  Marine  
  193  11:23  Marine  
  198  11:28  SCV  
  198  11:29  Bunker  
  198  11:32  Marauder  
  179  11:47  Marauder, Marine x2  
  179  11:48  Marauder  
  179  11:50  Marauder  
  179  11:53  Marauder  
  185  11:55  Marauder, Marine  
  185  11:58  Marine  
  185  11:59  Marine  
  178  12:02  Marine  
  178  12:05  Marine x2  
  179  12:08  Marauder  
  179  12:10  Marauder  
  179  12:11  Medivac x2  
  179  12:12  Marauder, Medivac x2  
  179  12:13  Marine x2  
  179  12:14  SCV x2  
  179  12:15  SCV x2  
  191  12:16  Marine x3  
  191  12:20  Marine  
  195  12:22  Marine  
  195  12:28  Marine  
  197  12:30  Marauder  
  197  12:31  Marauder, Marine  
  197  12:33  Marauder  
  193  12:41  Marine  
Show
View Real Time Build Order
Export as new Build Order

ShoWTimE Protoss 

Build Orders: 1 Gate Expand, Oracle Opening 

Get SALT Encoding   

  12  0:00  Probe  
  13  0:12  Probe  
  14  0:17  Pylon  
  14  0:24  Probe  
  15  0:32  Probe  
  15  0:36  Gateway  
  15  0:40  Probe  
  16  0:46  Assimilator  
  17  0:51  Probe  
  18  1:03  Probe  
  19  1:15  Probe  
  20  1:23  Cybernetics Core  
  20  1:34  Nexus  
  20  1:36  Probe  
  21  1:44  Pylon  
  21  1:48  Probe  
  21  1:52  Adept, Assimilator  
  22  2:00  Probe  
  25  2:13  Probe  
  26  2:19  Stargate  
  26  2:25  Probe, Adept  
  29  2:32  Warp Gate  
  29  2:37  Probe  
  29  2:42  Probe  
  30  2:49  Probe  
  30  2:50  Probe  
  32  2:52  Oracle  
  33  3:00  Probe  
  33  3:01  Probe  
  38  3:05  Adept  
  38  3:09  Pylon  
  38  3:12  Probe  
  41  3:13  Probe  
  42  3:24  Probe  
  42  3:25  Oracle, Probe  
  44  3:31  Gateway  
  47  3:36  Probe  
  47  3:37  Gateway, Probe  
  50  3:48  Pylon, Probe  
  50  3:49  Probe  
  50  3:53  Oracle  
  49  4:00  Probe  
  49  4:01  Probe  
  51  4:12  Probe  
  51  4:14  Probe  
  51  4:17  Pylon  
  53  4:21  Nexus  
  53  4:24  Probe  
  53  4:26  Probe  
  55  4:36  Probe  
  55  4:37  Probe  
  57  4:44  Probe, Assimilator  
  57  4:46  Assimilator  
  57  4:49  Twilight Council, Forge, Probe  
  57  4:52  Probe  
  59  4:53  Sentry  
  59  4:57  Blink, Sentry  
  59  4:58  Protoss Ground Weapons Level 1  
  64  5:01  Probe  
  64  5:04  Probe  
  64  5:05  Pylon  
  66  5:13  Probe  
  67  5:16  Probe  
  65  5:25  Probe  
  66  5:28  Probe  
  66  5:33  Gateway x2  
  67  5:36  Gateway, Sentry  
  67  5:37  Shield Battery, Pylon, Probe x2  
  67  5:40  Probe  
  67  5:42  Shield Battery  
  72  5:44  Pylon  
  72  5:49  Probe x2  
  74  5:50  Stalker  
  74  5:53  Stalker  
  78  5:58  Shield Battery  
  78  6:00  Probe  
  78  6:03  Stalker  
  81  6:13  Gateway  
  81  6:18  Stalker x2  
  85  6:19  Probe  
  84  6:28  Stalker x3  
  84  6:31  Stalker  
  87  6:33  Probe  
  84  6:40  Protoss Ground Armor Level 1  
  84  6:43  Probe x2  
  84  6:45  Gateway  
  84  6:46  Pylon  
  86  6:49  Stalker  
  86  6:50  Charge, Stalker  
  86  6:51  Stalker x2  
  94  6:55  Stalker  
  94  6:56  Shield Battery  
  94  6:58  Probe x2  
  98  7:01  Probe  
  98  7:06  Pylon  
  99  7:10  Sentry  
  99  7:13  Zealot x3  
  107  7:20  Pylon x2  
  107  7:28  Probe x3  
  110  7:33  Stalker  
  110  7:34  Zealot, Stalker x3  
  110  7:36  Pylon  
  120  7:43  Forge  
  120  7:44  Pylon, Assimilator  
  120  7:46  Assimilator  
  120  7:57  Pylon  
  118  8:00  Nexus  
  118  8:02  Pylon  
  118  8:08  Zealot x4  
  118  8:09  Templar Archives, Pylon  
  118  8:11  Protoss Ground Weapons Level 2  
  126  8:16  Zealot  
  128  8:28  Probe x2  
  128  8:29  Probe  
  128  8:30  Robotics Facility  
  128  8:32  Protoss Ground Armor Level 2  
  131  8:37  Psionic Storm  
  131  8:40  Probe, Zealot x5  
  139  8:47  Pylon, Nexus  
  139  8:48  High Templar x2  
  143  8:50  Oracle, Pylon  
  143  8:55  Zealot  
  143  9:05  Photon Cannon  
  143  9:07  Pylon  
  143  9:13  High Templar  
  143  9:14  Observer  
  143  9:16  Photon Cannon  
  143  9:17  Zealot x3  
  145  9:22  High Templar  
  152  9:32  High Templar  
  152  9:36  Photon Cannon  
  152  9:39  Photon Cannon  
  152  9:41  Warp Prism, Zealot x3  
  158  9:49  Zealot  
  158  9:50  Zealot x2  
  158  9:57  Zealot  
  156  10:02  Probe x2  
  156  10:03  Probe  
  156  10:05  Assimilator  
  155  10:07  Assimilator  
  155  10:10  Robotics Bay  
  155  10:13  Robotics Facility  
  149  10:15  Pylon  
  149  10:20  Probe x2  
  151  10:22  High Templar  
  151  10:25  Zealot x3  
  151  10:26  Zealot x2  
  163  10:28  Shield Battery  
  161  10:37  Immortal  
  159  10:43  Archon  
  159  10:44  High Templar x2  
  159  10:48  Disruptor  
  153  10:55  Zealot x6  
  164  11:04  Disruptor  
  164  11:06  Probe  
  164  11:07  Probe x3  
  160  11:15  High Templar  
  165  11:25  Photon Cannon  
  165  11:27  High Templar  
  165  11:32  Photon Cannon  
  165  11:33  Archon  
  165  11:34  Zealot x3  
  131  11:49  Disruptor x2  
  131  11:53  Zealot x3  
  131  11:54  Zealot  
  121  11:55  Zealot x3  
  121  12:01  Zealot  
  106  12:11  Probe  
  106  12:12  Probe x2  
  106  12:13  Pylon  
  106  12:14  High Templar  
  106  12:15  High Templar x3  
  113  12:19  Pylon  
  115  12:25  Zealot x4  
  115  12:26  Archon  
  111  12:40  Stalker  
  102  12:45  Zealot x4  
  102  12:48  Zealot x2  
Tags
 
Add a new tag
Caveats
  • Supply blocks, unpowered buildings, or Contaminate may cause inaccurate times.
  • Supply counts are checked every 10 seconds.